 Dungeon Crawl Stone Soup version 0.29.1-1-gd02db6906a (webtiles) character file.

Game seed: 16652492538663095716

454 Ashen the Chiller (level 6, -1/46 HPs)
             Began as a Demonspawn Ice Elementalist on Sept 17, 2022.
             Slain by an orc warrior
             ... wielding a +0 glaive
              (8 damage)
             ... on level 4 of the Dungeon.
             The game lasted 00:07:06 (4044 turns).

Ashen the Chiller (Demonspawn Ice Elementalist)     Turns: 4044, Time: 00:07:07

Health: -1/46      AC:  9    Str:  8    XL:     6   Next: 76%
Magic:  11/11      EV: 12    Int: 21    God:
Gold:   262        SH:  0    Dex: 18    Spells: 0/11 levels left

rFire   . . .      SeeInvis +   o - +7 dagger (venom)
rCold   + . .      Faith    .   (no shield)
rNeg    . . .      Spirit   .   e - +1 leather armour {rC+}
rPois   .          Reflect  .   p - +1 helmet of Lilacs {Int+2 Dex+5 SInv}
rElec   .          Harm     .   q - +0 cloak
rCorr   .          Rampage  .   (no gloves)
Will    .....                   (no boots)
Stlth   ++........              (no amulet)
HPRegen 0.15/turn               s - ring of wizardry
MPRegen 0.12/turn               (no ring)

@: no status effects
A: claws 1, slimy green scales 1, demonic magic 1
a: no special abilities


You were on level 4 of the Dungeon.
You visited 1 branch of the dungeon, and saw 4 of its levels.

You collected 262 gold pieces.

Inventory:

Hand Weapons
 o - a +7 dagger of venom (weapon)
Armour
 e - a +1 leather armour of cold resistance (worn)
 p - the +1 helmet of Lilacs (worn) {Int+2 Dex+5 SInv}
   (You took it off Robin on level 2 of the Dungeon)

   Int:       It affects your intelligence (+2).
   Dex:       It affects your dexterity (+5).
   SInv:      It lets you see invisible.
 q - a +0 cloak (worn)
Jewellery
 s - a ring of wizardry (left claw)
Wands
 m - a wand of mindburst (13)
 v - a wand of charming (3)
 w - a wand of flame (30)
Scrolls
 d - a scroll of immolation {unknown}
 f - 6 scrolls of identify {unknown}
 i - 2 scrolls of fear {unknown}
 n - a scroll of teleportation {unknown}
 u - a scroll of amnesia {unknown}
Potions
 a - 2 potions of might {unknown}
 b - a potion of magic
 c - a potion of curing
 h - a potion of lignification {unknown}
 j - a potion of mutation {unknown}
 k - 3 potions of flight {unknown}
 l - 4 potions of heal wounds {unknown}
 r - a potion of degeneration {unknown}


   Skills:
 + Level 2.8 Fighting
 + Level 3.2 Dodging
 + Level 3.4 Stealth
 + Level 3.3 Spellcasting
 + Level 1.0 Conjurations
 + Level 4.6 Ice Magic


You couldn't memorise any spells.
You knew the following spells:

 Your Spells              Type           Power      Damage    Failure   Level
a - Freeze                Ice            88%        1d10      1%          1
b - Frozen Ramparts       Ice            44%        1d7       3%          3
c - Ozocubu's Armour      Ice            22%        N/A       3%          3
d - Hailstorm             Conj/Ice       15%        3d5       22%         4

Your spell library contained the following spells:

 Spells                   Type           Power      Damage    Failure   Level
 Static Discharge         Conj/Air       5%         3-4/arc   9%          2
 Gell's Gravitas          Tloc           3%         N/A       22%         3
 Lesser Beckoning         Tloc           3%         N/A       22%         3
 Teleport Other           Tloc           3%         N/A       22%         3
 Lightning Bolt           Conj/Air       2%         1d14      82%         5
 Maxwell's Capacitive Co  Air            1%         ∞         100%        8
 Chain Lightning          Conj/Air       2%         3d3       100%        9
 Fire Storm               Conj/Fire      2%         8d1       100%        9
 Shatter                  Erth           1%         3d6*      100%        9


Dungeon Overview and Level Annotations

Branches:
Dungeon (4/15)
 Temple: D:4-7

Altars:
Cheibriados


Innate Abilities, Weirdness & Mutations

You have sharp fingernails.
You are partially covered in slimy green scales. (AC +2)
Spells you cast may paralyse adjacent enemies.


Message History

You feel less confused.
v - a wand of charming (3);
x - a scroll labelled JOKLUEFE YSSYA
Items here: )) [ ††.
Okay, then.
You see here a worm corpse.
Magic restored.
An orc priest comes into view. It is wielding a +0 flail.
You see here 12 gold pieces.
An orc warrior comes into view. It is wielding a +0 glaive.
The orc warrior shouts!
An orc priest comes into view. It is wielding a +0 club.
Found 3 gold pieces.
The orc priest shouts! x2
The orc priest looks encouraged for a moment.
The orc priest mumbles some strange prayers to Beogh against you.
Beogh smites you!
The orc priest looks braver for a moment.
The orc priest invokes the aid of Beogh against you.
Pain shoots through your body!
You see here 12 gold pieces.
The orc priest invokes the aid of Beogh against you.
Pain shoots through your body!
* * * LOW HITPOINT WARNING * * *
Okay, then.
The orc priest miscasts a cantrip.
As you read the scroll labelled ZYRHON FOFINOT, it crumbles to dust.
Your body is wracked with pain!
* * * LOW HITPOINT WARNING * * *
The orc warrior convulses!
The orc priest convulses!
It was a scroll of torment.
The orc warrior hits you from afar with a +0 glaive.
* * * LOW HITPOINT WARNING * * *
The air fills with toxic fumes!
As you read the scroll labelled EZAMUC VAISM, it crumbles to dust.
It was a scroll of poison.
The orc warrior hits you but does no damage.
As you read the scroll labelled JOKLUEFE YSSYA, it crumbles to dust.
You hear the tinkle of a tiny bell.
It was a scroll of butterflies.
The orc warrior hits you from afar with a +0 glaive!
You die... ######## #§§§§§§ #§§§§§ #bbb# #bbb#

#@bb# ##bb# #ob# # #§§#
### ##o§# ..###########
#.§§#
........†..(####o.§##
........).....##.§§§###
##########..............


You could see an orc warrior (ally target) and an orc priest.

Vanquished Creatures
  An ogre (D:4)
  A hound (D:4)
  Crazy Yiuf (D:2)
  Natasha (thrice) (D:2)
  Ijyb (D:4)
  Robin (D:2)
  4 gnolls (D:3)
  7 adders
  An adder zombie (D:3)
  An adder skeleton (D:3)
  3 worms
  2 dart slugs
  An orc (D:2)
  7 ball pythons
  8 endoplasms
  A giant cockroach (D:2)
  13 goblins
  5 hobgoblins
  8 jackals
  3 quokkas
  A ball python skeleton (D:3)
  4 bats (D:2)
  2 frilled lizards
  8 kobolds
  5 rats
92 creatures vanquished.

Vanquished Creatures (others)
  4 toadstools (D:3)
  2 withered plants (D:3)
6 creatures vanquished.

Grand Total: 98 creatures vanquished

Notes
Turn   | Place    | Note
-------+----------+-------------------------------------------
     0 | D:1      | Ashen the Demonspawn Ice Elementalist began the quest for
                  | the Orb.
     0 | D:1      | Reached XP level 1. HP: 13/13 MP: 3/3
   276 | D:1      | Gained mutation: You are partially covered in slimy green
                  | scales. (AC +2) [demonic ancestry]
   276 | D:1      | Reached XP level 2. HP: 15/20 MP: 5/5
   910 | D:1      | Reached skill level 1 in Fighting
   913 | D:1      | Gained mutation: Spells you cast may paralyse adjacent
                  | enemies. [demonic ancestry]
   913 | D:1      | Reached XP level 3. HP: 22/26 MP: 6/6
  1099 | D:1      | Found a faded altar of an unknown god.
  1226 | D:2      | Noticed Natasha
  1236 | D:2      | Killed Natasha
  1365 | D:2      | Noticed Natasha
  1482 | D:2      | Gained mutation: You have sharp fingernails. [demonic
                  | ancestry]
  1482 | D:2      | Reached XP level 4. HP: 21/32 MP: 4/7
  1683 | D:2      | Reached skill level 4 in Ice Magic
  1920 | D:2      | Identified the +1 helmet of Lilacs {Int+2 Dex+5 SInv}
  1920 | D:2      | Noticed Robin
  1935 | D:1      | Learned a level 3 spell: Frozen Ramparts
  1939 | D:1      | Learned a level 3 spell: Ozocubu's Armour
  1992 | D:2      | Killed Robin
  2196 | D:2      | Killed Natasha
  2197 | D:2      | Reached XP level 5. HP: 38/38 MP: 5/9
  2540 | D:2      | Noticed Natasha
  2547 | D:2      | Killed Natasha
  2817 | D:2      | Found a runed translucent door.
  2818 | D:2      | Noticed Crazy Yiuf
  2826 | D:2      | Killed Crazy Yiuf
  3292 | D:3      | Reached XP level 6. HP: 46/46 MP: 3/10
  3390 | D:3      | Found a snail-covered altar of Cheibriados.
  3754 | D:3      | Learned a level 4 spell: Hailstorm
  3859 | D:4      | Identified the ring "Duthriledd" {rN+ Will+ Int-4 Dex+4}
  3924 | D:4      | Noticed Ijyb
  3927 | D:4      | Reached skill level 1 in Conjurations
  3939 | D:4      | Killed Ijyb
  4020 | D:4      | Noticed an orc warrior
  4044 | D:4      | Slain by an orc warrior

Illustrated notes

Levels and vault maps discovered:
D:1:      evilmike_arrival_plus, layout_basic,
          shapermc_ecumenical_altar_mp_ritualfount
D:2:      minmay_razor_zed, layout_loops_ring, uniq_natasha,
          uniq_crazy_yiuf_cottage, uniq_robin
D:3:      layout_loops_ring, chei_slow_surprise, serial_undead, serial_undead_a,
          serial_undead_c, serial_undead_f, serial_undead_f,
          minmay_gold_behind_fungi
D:4:      layout_layer_cave, minitemple, uniq_ijyb

Skill      XL: |  1  2  3  4  5  6 |
---------------+-------------------+-----
Stealth        | 2 3 |  3.4
Dodging        | 2 3 |  3.2
Fighting       | 1 2 |  2.8
Ice Magic      | 4 |  4.6
Spellcasting   | 3 |  3.3
Conjurations   | 1 |  1.0

Action                   |  1- 3 |  4- 6 || total
-------------------------+-------+-------++-------
Melee: Whip              |    55 |       ||    55
       Unarmed           |     1 |       ||     1
       Short sword       |     8 |    25 ||    33
       Dagger            |       |    73 ||    73
       Punch             |       |     2 ||     2
 Cast: Freeze            |    22 |    12 ||    34
       Frozen Ramparts   |       |     7 ||     7
       Ozocubu's Armour  |       |     3 ||     3
  Use: Potion            |       |     1 ||     1
       Scroll            |       |     3 ||     3
 Stab: Sleeping          |     3 |     4 ||     7
       Paralysed         |     2 |     8 ||    10
Armor: Leather armour    |    31 |    40 ||    71
Dodge: Dodged            |    47 |    76 ||   123
